 Dungeon Crawl Stone Soup version 0.18.1-8-gdd0e5ea (webtiles) character file.

134 Gargoyl the Skirmisher (level 4, 0/36 HPs)
             Began as a Demonspawn Abyssal Knight on June 4, 2016.
             Was a Believer of Lugonu.
             Slain by a gnoll
             ... wielding a +0 halberd
              (4 damage)
             ... on level 4 of the Dungeon.
             The game lasted 00:05:10 (3238 turns).

Gargoyl the Skirmisher (Demonspawn Abyssal Knight)  Turns: 3238, Time: 00:05:10

Health: 0/36       AC:  9    Str: 13    XL:     4   Next: 95%
Magic:  6/6        EV:  6    Int: 13    God:    Lugonu [**....]
Gold:   146        SH:  0    Dex: 13    Spells: 0 memorised, 3 levels left

rFire  . . .     SeeInvis .     a - +1 hand axe
rCold  . . .     Gourm    .     f - +0 chain mail
rNeg   . . .     Faith    .     (no shield)
rPois  .         Spirit   .     (no helmet)
rElec  .         Dismiss  .     (no cloak)
rCorr  .         Reflect  .     (no gloves)
SustAt .         Harm     .     (no boots)
MR     .....                    (no amulet)
Stlth  ..........               (no ring)
                                (no ring)

@: not resistant to hostile enchantments, extremely unstealthy
A: nightstalker 1, powered by pain 2
a: Depart the Abyss, Bend Space, Renounce Religion


You were on level 4 of the Dungeon.
You worshipped Lugonu.
Lugonu was pleased with you.
You were not hungry.

You visited 1 branch of the dungeon, and saw 4 of its levels.
You visited the Abyss 1 time.

You collected 146 gold pieces.

Inventory:

Hand Weapons
 a - a +1 hand axe (weapon)
 n - a +0 flail
Armour
 f - a +0 chain mail (worn)
Scrolls
 d - 3 scrolls of teleportation
 j - a scroll of magic mapping
 p - a scroll of enchant armour {unknown}
Potions
 b - a potion of cancellation {unknown}
 e - 2 potions of heal wounds {unknown}
 g - a potion of curing {unknown}
 i - a potion of haste {unknown}
 r - a potion of brilliance {unknown}
Books
 o - a book of the Sky

   Spells                             Type                      Level
   a - Summon Lightning Spire         Summoning/Air                4
   b - Airstrike                      Air                          4
   c - Silence                        Hexes/Air                    5
   d - Deflect Missiles               Charms/Air                   6
   e - Conjure Ball Lightning         Conjuration/Air              6
   f - Tornado                        Air                          9
 q - a book of Frost

   Spells                             Type                      Level
   a - Freeze                         Ice                          1
   b - Throw Frost                    Conjuration/Ice              2
   c - Ozocubu's Armour               Charms/Ice                   3
   d - Throw Icicle                   Conjuration/Ice              4
   e - Summon Ice Beast               Ice/Summoning                4
Comestibles
 c - 4 bread rations
 h - 2 slices of pizza
 k - 2 fruits
 l - 3 meat rations
 m - a beef jerky
 s - a chunk of flesh


   Skills:
 + Level 3.6 Fighting
 + Level 2.5 Axes
 * Level 3.2 Armour
 + Level 1.6 Dodging
 + Level 0.2 Stealth
 + Level 2.8 Invocations


You had 3 spell levels left.
You didn't know any spells.

Dungeon Overview and Level Annotations

Branches:
Dungeon (4/15)
 Temple: D:4-7

Altars:
Pakellas


Innate Abilities, Weirdness & Mutations

You are slightly more attuned to the shadows.
You sometimes gain power by taking damage.


Message History

The gnoll hits you from afar with a spear.
The gnoll barely misses you. The gnoll hits you but does no damage.
You hit the gnoll.
The gnoll is lightly wounded.
You closely miss the gnoll.
Your chain mail prevents you from hitting the orc.
The orc is heavily wounded.
You hit the gnoll but do no damage.
Your chain mail prevents you from hitting the gnoll.
You hit the gnoll.
The gnoll is lightly wounded.
The gnoll barely misses you. The gnoll hits you. The orc hits you with a club.
* * * LOW HITPOINT WARNING * * *
The gnoll hits you with a whip.
* * * LOW HITPOINT WARNING * * *
The gnoll hits you.
* * * LOW HITPOINT WARNING * * *
The gnoll hits you but does no damage.
The gnoll hits you from afar with a halberd.
You die...

#.#.# #.##.# #...####
.#....#####.....##
............##..##
....####...###..#
#..####.#.# ##.#
####....#..#..# #.##
.###.g.)......##.# #...
.....g@o.......#.# ####
.#...ggg.........#
....ggS..........# #
#..)..a..........# ##
.................# ##.
#..<............... #..
.......................
................
..##.....^......


You could see a worker ant, 7 gnolls, an adder and an orc.

Vanquished Creatures
  A worker ant (D:4)
  5 adders
  An ooze (D:1)
  3 dart slugs
  3 giant geckos
  2 orcs
  6 giant cockroaches
  3 goblins
  6 hobgoblins
  6 jackals
  5 kobolds
  A quokka (D:3)
  A ball python (D:3)
  4 bats
  A giant newt (D:1)
  3 rats
51 creatures vanquished.

Notes
Turn   | Place    | Note
--------------------------------------------------------------
     0 | Abyss:1  | Gargoyl the Demonspawn Abyssal Knight began the quest for the Orb.
     0 | Abyss:1  | Reached XP level 1. HP: 18/18 MP: 2/2
    35 | Abyss:1  | Found a corrupted altar of Lugonu.
    55 | Abyss:1  | Found a corrupted altar of Lugonu.
   104 | Abyss:1  | Noticed an ancient zyme
   161 | Abyss:3  | Noticed a white draconian
   161 | D:1      | Escaped the Abyss
   337 | D:1      | Gained mutation: You are slightly more attuned to the shadows. [demonic ancestry]
   337 | D:1      | Reached XP level 2. HP: 19/24 MP: 3/3
   737 | D:1      | Reached * piety under Lugonu
  1080 | D:2      | Reached skill level 1 in Dodging
  1080 | D:2      | Gained mutation: You sometimes gain a little power by taking damage. [demonic ancestry]
  1080 | D:2      | Reached XP level 3. HP: 25/29 MP: 5/5
  1527 | D:2      | Found an oddly glowing altar of Pakellas.
  1985 | D:3      | Gained mutation: You sometimes gain power by taking damage. [demonic ancestry]
  1985 | D:3      | Reached XP level 4. HP: 16/35 MP: 6/6
  2196 | D:3      | Reached ** piety under Lugonu
  3238 | D:4      | Slain by a gnoll

Skill      XL: |  1  2  3  4 |
---------------+-------------+-----
Armour         | 2 3 |  3.2
Axes           | 2 |  2.5
Dodging        | 1 |  1.6
Fighting       | |  3.6
Stealth        | |  0.2
Invocations    | |  2.8

Action                   |  1- 3 |  4- 6 || total
-------------------------+-------+-------++-------
Melee: Hand axe          |   131 |    85 ||   216
Invok: Depart the Abyss  |     1 |       ||     1
  Use: Scroll            |     4 |     2 ||     6
       Potion            |     1 |       ||     1
  Eat: Chunk             |     3 |     5 ||     8
Armor: Chain mail        |   112 |    91 ||   203
Dodge: Dodged            |    50 |    43 ||    93
